[Event "2017 South African Open Ch"]
[Site "Durban"]
[Date "2017.07.20"]
[Round "9"]
[White "Skosana, Stephen K"]
[Black "Abrantes, Persson"]
[Result "0-1"]
[ECO "A45"]
[WhiteElo "2027"]
[BlackElo "2003"]
[Annotator "NA"]
[PlyCount "90"]
[EventDate "2017.??.??"]
[EventCountry "RSA"]
[SourceTitle "playchess.com"]
[Source "ChessBase"]
[SourceQuality "1"]
[TimeControl "5400+30"]

1. d4 Nf6 2. Bg5 g6 3. Nc3 Bg7 4. Qd2 h5 5. e4 d6 6. Bd3 Nc6 7. d5 Ne5 8. Be2 c6 9. Nf3 Nxf3+ 10. Bxf3 Qb6 11. Rb1 Ng4 12. O-O f6 13. Bxg4 hxg4 14. Be3 Qc7 15. dxc6 bxc6 16. f4 Qa5 17. b4 Qh5 18. g3 f5 19. Rf2 Bb7 20. Bd4 e5 21. fxe5 dxe5 22. Bc5 Rd8 23. Qe1 $2 {[%emt 0:05:32] [#]} ({Only move:} 23. Qe2 $18) 23... f4 $1 24. Rg2 f3 (24... Bh6 $5 25. Rd1 f3 $11) 25. Rd2 Kf7 26. Rbd1 Bc8 27. Bxa7 Bh6 (27... Rd4 $5) 28. Rf2 (28. Rxd8 $2 {too greedy.} Be3+ 29. Qxe3 Qxh2+ 30. Kf1 Qg2+ 31. Ke1 Rh1+ 32. Qg1 Rxg1+ 33. Bxg1 Qxg1+ 34. Kd2 Qg2+ 35. Kc1 Be6 $19) 28... Be6 29. Bc5 Ra8 30. a4 Bf4 31. Rfd2 Bxd2 32. Rxd2 Rad8 33. Rf2 Bc4 34. h4 $2 (34. Nd1 $11 {and White has nothing to worry.}) 34... g5 35. Rh2 gxh4 36. Rxh4 Qg5 37. Be3 Qg6 38. Kh2 (38. Qf2 $142 Rxh4 39. gxh4) 38... Rdg8 39. Bf2 Qf6 (39... Rxh4+ $142 40. gxh4 {[#]} g3+ $1 41. Bxg3 Bf1 $1 ) 40. Nd1 Be2 41. Ne3 Rxh4+ 42. gxh4 Qf4+ 43. Kh1 g3 44. Nf5 gxf2 45. Qxf2 Qc1+ 0-1

[Event "2017 South African Open Ch"]
[Site "Durban"]
[Date "2017.07.20"]
[Round "9"]
[White "Zwakala, Ntando"]
[Black "Salimu, Reuben"]
[Result "1/2-1/2"]
[ECO "C96"]
[WhiteElo "2020"]
[BlackElo "1968"]
[Annotator "NA"]
[PlyCount "149"]
[EventDate "2017.??.??"]
[EventCountry "RSA"]
[SourceTitle "playchess.com"]
[Source "ChessBase"]
[SourceQuality "1"]
[TimeControl "5400+30"]

1. e4 e5 2. Nf3 Nc6 3. Bb5 a6 4. Ba4 Nf6 5. O-O Be7 6. Re1 b5 7. Bb3 O-O 8. h3 d6 9. c3 Na5 10. Bc2 c5 11. d4 cxd4 12. cxd4 exd4 13. Nxd4 Bb7 14. Nd2 Re8 15. Nf1 Bf8 {[%emt 0:04:08] LiveBook: 57 Games} 16. Ng3 Rc8 17. Bg5 {[%emt 0:03:04] C96: Closed Ruy Lopez: Chigorin Defence: 11 d4, replies other than 11...Qc7} h6 18. Bf4 Nc4 19. b3 (19. Rb1 Ne5 20. Rc1 Ng6 21. Qf3 Rc4 22. Rcd1 Qa5 23. Re2 Nxf4 24. Qxf4 {0-1 (68) Gulbas,C (2371)-Stevic,H (2588) Dresden 2008}) 19... Ne5 20. a4 $146 ({Predecessor:} 20. Qd2 d5 21. Bxe5 Rxe5 22. f4 Rxe4 23. Bxe4 dxe4 24. Rad1 b4 25. Ndf5 Qb6+ 26. Kh2 Bc5 27. Qb2 Re8 28. Re2 Bf8 {½-½ (28) Makropoulou,M (2090)-Markidis,K (2378) Paleochora 2015}) 20... Ng6 21. Bd2 Qb6 22. Ndf5 d5 23. axb5 axb5 24. Be3 Bc5 (24... Qc6 $5 25. Nd4 Qc7 $11) 25. exd5 Nxd5 26. Bxc5 Rxe1+ 27. Qxe1 Qxc5 28. Be4 Re8 29. Qd2 Ngf4 30. Qb2 Qf8 $1 31. Ra7 Ba8 32. Qd2 Qc5 33. Ne7+ Kf8 (33... Nxe7 $11 34. Rxa8 Rxa8 35. Bxa8 Qe5) 34. Rxa8 Rxa8 35. Nxd5 Nxd5 36. Qxd5 Qxd5 37. Bxd5 Rd8 38. Bc6 Rd3 39. Bxb5 Rxb3 40. Be2 Rb1+ 41. Bf1 g6 42. f3 h5 43. Kf2 Rb3 44. Ne4 Ke7 45. h4 Rb4 46. g3 Ra4 47. Ke3 Rb4 48. Nc5 f6 49. Nd3 Rb3 50. f4 Ra3 51. Be2 f5 {[%emt 0:02:05] Ne1} ({Black should play} 51... Ke6 $14) 52. Kf2 Kf6 53. Ne5 Ra7 54. Bb5 Re7 (54... Ra8 $16 55. Kf3 Ra3+ 56. Kg2 Ra2+ 57. Kf3 Ra3+ 58. Kf2 Ra2+ 59. Kf3 Ra3+) 55. Bd7 Kg7 56. Ke3 Kf6 57. Kd4 Kg7 58. Kd5 Kf6 59. Kd6 Rg7 60. Be8 Ra7 $18 61. Bxg6 Ra6+ 62. Kd5 Ra3 63. Bxh5 Rxg3 64. Bf3 Rh3 65. h5 Rh4 66. Nd3 Rh3 67. Ne5 Rh4 68. Ng6 Rh3 69. Ne5 Rh4 70. Nd7+ Ke7 71. Ke5 Kxd7 72. Kxf5 Ke7 73. Kg5 Rxf4 74. Kxf4 Kf7 75. Ke4 1/2-1/2

[Event "2017 South African Open Ch"]
[Site "Durban"]
[Date "2017.07.20"]
[Round "9"]
[White "Goosen, Anton"]
[Black "Rooplal, Desmond"]
[Result "0-1"]
[ECO "A45"]
[WhiteElo "2004"]
[BlackElo "1686"]
[Annotator "NA"]
[PlyCount "82"]
[EventDate "2017.??.??"]
[EventCountry "RSA"]
[SourceTitle "playchess.com"]
[Source "ChessBase"]
[SourceQuality "1"]
[TimeControl "5400+30"]

1. d4 Nf6 2. Bf4 d5 3. e3 c5 4. Nc3 {[%emt 0:00:00] D00: 1 d4 d5: Unusual lines} a6 5. Nf3 (5. dxc5 e6 6. Na4 Bxc5 7. Nxc5 Qa5+ 8. c3 Qxc5 9. Nf3 Nc6 10. Bd3 h6 11. Ne5 O-O {1-0 (25) Carlsen,M (2832)-So,W (2812) Paris 2017}) 5... Nc6 6. Ne5 cxd4 7. Nxc6 bxc6 8. exd4 Bf5 9. Be2 $146 ({Predecessor:} 9. Bd3 Bxd3 10. Qxd3 e6 11. O-O Bd6 12. Bxd6 Qxd6 13. Na4 {0-1 (45) Janda,Z (2114)-Neckar,L (2319) Marianske Lazne 2016}) 9... e6 10. g4 Bg6 11. h4 h6 12. h5 Be4 13. Nxe4 Nxe4 14. Bd3 Bd6 15. Be3 Bb4+ 16. Kf1 Be7 17. Bxe4 dxe4 18. c4 f5 19. Qa4 Qd6 20. gxf5 exf5 21. d5 O-O (21... f4 $5 22. Bd4 O-O $11) 22. Qxc6 Qxc6 23. dxc6 Rac8 24. Rd1 Rxc6 25. b3 f4 26. Bc1 e3 27. Rd7 (27. Rh3 $11) 27... Re6 28. f3 {[%emt 0:09:46] [#]} Rf5 $1 29. Ke2 Rg5 ({Black should try} 29... Bf6 $19 30. Rdd1 Ra5) 30. Rh2 Rg1 31. Rd1 $1 Rg5 32. Bb2 Bf6 33. Bxf6 Rxf6 34. Rd4 Kf7 35. b4 Rg1 36. Rd1 Rg5 37. c5 a5 38. Rc1 (38. Rd4 $11 {keeps the balance.}) 38... axb4 39. c6 $17 Rd6 40. Rc2 Rg1 41. c7 Rdd1 0-1

[Event "2017 South African Open Ch"]
[Site "Durban"]
[Date "2017.07.20"]
[Round "9"]
[White "Du Plessis, Heinco"]
[Black "Mwale Joseph"]
[Result "0-1"]
[ECO "E25"]
[WhiteElo "2003"]
[BlackElo "2159"]
[Annotator "NA"]
[PlyCount "66"]
[EventDate "2017.??.??"]
[EventCountry "RSA"]
[SourceTitle "playchess.com"]
[Source "ChessBase"]
[SourceQuality "1"]
[TimeControl "5400+30"]

1. d4 Nf6 2. c4 e6 3. Nc3 Bb4 4. f3 c5 5. a3 Bxc3+ 6. bxc3 d5 7. cxd5 exd5 8. e3 O-O 9. Bd3 Re8 10. Ne2 Nc6 {[%emt 0:00:16] LiveBook: 30 Games} 11. O-O Rb8 {[%emt 0:00:35] E49: Nimzo-Indian: Rubinstein: 5 Bd3 d5 6 a3 Bxc3+ 7 bxc3} (11... Be6 12. Bd2 Rc8 13. Be1 cxd4 14. cxd4 Bd7 15. Qd2 b6 16. Bh4 Qe7 17. Bf2 Na5 18. Qb4 Nc4 19. Qxe7 Rxe7 20. Bxc4 Rxc4 {½-½ (64) Aleksandrov,A (2574)-Zhang,Z (2645) Doha 2016}) 12. Kh1 $146 ({Predecessor:} 12. Ng3 b5 13. Re1 a6 14. Bc2 Qc7 15. dxc5 Nd8 16. Qd3 g6 17. Qd4 Qe7 18. e4 Ne6 19. Qf2 dxe4 20. Nxe4 Nxe4 21. Bxe4 {1-0 (48) Mihajlov,S (2360)-Risting,E (2376) Tromsoe 2016}) 12... b5 13. Ng3 a5 14. Ra2 b4 (14... c4 $5 15. Bb1 b4 $15) 15. dxc5 b3 16. Re2 Nd7 17. a4 $1 Na7 18. Ba3 (18. e4 $16) 18... Qc7 19. e4 Nxc5 20. exd5 Bd7 21. Rxe8+ Bxe8 22. Bxc5 (22. Bb1 $18 {is more deadly.} Nxa4 23. Qd4 (23. Qd3 g6 $16)) 22... Qxc5 23. Ne4 Qa3 $2 (23... Qb6 $11) 24. Bb1 Bxa4 $2 (24... Qxa4 $14 25. Qe1 Qb5) 25. Qd3 f5 26. Ng5 Bd7 27. g4 Qe7 28. f4 (28. Ne6 $5) 28... Nb5 29. gxf5 Nd6 30. Ne6 Bb5 31. Qh3 Bxf1 32. Qxf1 Rc8 33. Qh3 Qf6 $19 0-1

[Event "2017 South African Open Ch"]
[Site "Durban"]
[Date "2017.07.20"]
[Round "9"]
[White "Tavagwisa, Lawrence"]
[Black "De Abreu, Roberto N"]
[Result "0-1"]
[ECO "C00"]
[WhiteElo "1935"]
[BlackElo "2145"]
[Annotator "ChessBase"]
[PlyCount "50"]
[EventDate "2017.??.??"]
[EventCountry "RSA"]
[SourceTitle "playchess.com"]
[Source "ChessBase"]
[SourceQuality "1"]
[TimeControl "5400+30"]

1. e4 e6 2. c4 d5 3. exd5 exd5 4. d4 Bd6 5. Nf3 Nf6 6. Be2 dxc4 7. O-O O-O 8. Bxc4 Nc6 9. Nc3 Bg4 10. Be3 h6 11. h3 Bh5 12. Rc1 a6 13. Be2 Re8 14. Re1 Nb4 15. Bd2 Nbd5 16. g3 c6 17. Kg2 Qb6 18. Nxd5 Nxd5 19. Bc3 Re6 20. Qd2 Qc7 21. Ng1 Bf4 22. gxf4 Nxf4+ 23. Kf1 Nxe2 24. Nxe2 Qh2 25. Ng1 Rg6 0-1

[Event "2017 South African Open Ch"]
[Site "Durban"]
[Date "2017.07.20"]
[Round "9"]
[White "Pesa, Mofoka A"]
[Black "Choko, Siyabonga V"]
[Result "1/2-1/2"]
[ECO "C64"]
[WhiteElo "1799"]
[BlackElo "1968"]
[Annotator "NA"]
[PlyCount "85"]
[EventDate "2017.??.??"]
[EventCountry "RSA"]
[SourceTitle "playchess.com"]
[Source "ChessBase"]
[SourceQuality "1"]
[TimeControl "5400+30"]

1. e4 e5 2. Nf3 Nc6 3. Bb5 Bc5 4. O-O Qf6 5. c3 Nge7 6. d3 h6 7. Re1 {[%emt 0:00:27] C64: Ruy Lopez: Classical Defence (3...Bc5) except 4 0-0 Nf6} (7. b4 Bb6 8. Nbd2 a6 9. Bxc6 Nxc6 10. a4 O-O 11. Nc4 Ba7 12. Be3 b5 13. axb5 axb5 14. Ncxe5 Nxe5 15. Nxe5 Qxe5 16. Rxa7 Rxa7 {1-0 (120) Grigoriants,S (2560)-Ehlvest,J (2600) Moscow 2010}) 7... O-O 8. d4 Bb6 $146 ({Predecessor:} 8... exd4 9. e5 Qe6 10. cxd4 Nxd4 11. Nxd4 Qb6 12. Be3 Bxd4 13. Bxd4 Qxb5 14. Nc3 Qa5 {½-½ (34) Carvalho,H (2244)-Nogueira,I (2311) Sao Paulo 2014}) 9. d5 Nb8 10. Ba4 d6 11. h3 Ng6 12. Be3 Nf4 13. Bxf4 Qxf4 14. Qd2 Qf6 15. Qe2 g5 16. Nh2 h5 17. Nd2 a6 18. Nc4 Ba7 19. Ne3 Qg6 20. Bc2 Bxe3 21. fxe3 Nd7 22. Rf1 Nf6 23. Rf2 g4 24. Raf1 Ne8 25. hxg4 hxg4 26. g3 f6 27. Bd1 Rf7 28. Rg2 Rg7 29. Rff2 Bd7 ({Don't blunder} 29... Qxe4 $2 30. Bc2 $18) 30. Nf1 Kf7 ({Avoid the trap} 30... Qxe4 $2 31. Bc2 $18) 31. Rh2 Rh7 ({Don't go for} 31... Qxe4 $2 32. Bc2 $18) 32. Rxh7+ Qxh7 33. Rh2 Qg6 34. Rh8 Rc8 35. Qh2 Ng7 36. Rxc8 (36. Rh6 $5 Qg5 37. Qh4 $14) 36... Bxc8 37. Qh8 Ne8 38. Bc2 Bd7 39. c4 Qg7 40. Qh5+ Qg6 41. Qh8 $11 Qg7 42. Qh5+ Qg6 43. Qh8 1/2-1/2

[Event "2017 South African Open Ch"]
[Site "Durban"]
[Date "2017.07.21"]
[Round "10"]
[White "Kobese, Watu"]
[Black "Bhawoodien, Mohamed Ozayr"]
[Result "1-0"]
[ECO "C95"]
[WhiteElo "2367"]
[BlackElo "2103"]
[Annotator "ChessBase"]
[PlyCount "71"]
[EventDate "2017.??.??"]
[EventCountry "RSA"]
[SourceTitle "playchess.com"]
[Source "ChessBase"]
[SourceQuality "1"]
[TimeControl "5400+30"]

1. e4 e5 2. Nf3 Nc6 3. Bb5 a6 4. Ba4 Nf6 5. O-O Be7 6. Re1 b5 7. Bb3 d6 8. c3 O-O 9. h3 Nb8 10. d4 Nbd7 11. Nh4 Re8 12. Nf5 Bf8 13. f4 Bb7 14. fxe5 dxe5 15. Bg5 exd4 16. cxd4 Bxe4 17. Rxe4 Rxe4 18. Nc3 Re8 19. Qf3 g6 20. Nh6+ Bxh6 21. Bxh6 c5 22. dxc5 Ne5 23. Qg3 Qd4+ 24. Kh1 Nh5 25. Qg5 Nf3 26. gxf3 Qf2 27. Qg2 Re1+ 28. Rxe1 Qxe1+ 29. Kh2 Rc8 30. Ne4 Rd8 31. c6 Rc8 32. Bd5 Kh8 33. Bd2 Qd1 34. Bc3+ Kg8 35. Qd2 Qxd2+ 36. Bxd2 1-0

[Event "2017 South African Open Ch"]
[Site "Durban"]
[Date "2017.07.21"]
[Round "10"]
[White "Mwale Joseph"]
[Black "Jere, Daniel"]
[Result "0-1"]
[ECO "A56"]
[WhiteElo "2159"]
[BlackElo "2380"]
[Annotator "NA"]
[PlyCount "48"]
[EventDate "2017.??.??"]
[EventCountry "RSA"]
[SourceTitle "playchess.com"]
[Source "ChessBase"]
[SourceQuality "1"]
[TimeControl "5400+30"]

1. d4 Nf6 2. c4 c5 3. dxc5 Na6 4. Nc3 Nxc5 5. g3 g6 6. Bg2 Bg7 7. Nf3 O-O 8. Be3 d6 9. Bxc5 dxc5 10. Qxd8 Rxd8 11. O-O Bf5 12. b3 Rac8 13. Ne5 Nd7 14. Nxd7 Bxc3 15. Rac1 Bb2 16. Rb1 Bxb1 17. Rxb1 Rxd7 18. Rxb2 Rd1+ 19. Bf1 Rcd8 20. b4 Rc1 21. Kg2 Rdd1 22. bxc5 Rxf1 23. Rxb7 Rg1+ 24. Kh3 Rxc4 0-1

[Event "2017 South African Open Ch"]
[Site "Durban"]
[Date "2017.07.21"]
[Round "10"]
[White "Mnguni, Jacob Dumisani"]
[Black "Makoto, Rodwell"]
[Result "0-1"]
[ECO "A36"]
[WhiteElo "2147"]
[BlackElo "2372"]
[Annotator "NA"]
[PlyCount "56"]
[EventDate "2017.??.??"]
[EventCountry "RSA"]
[SourceTitle "playchess.com"]
[Source "ChessBase"]
[SourceQuality "1"]
[TimeControl "5400+30"]

1. c4 c5 2. Nc3 Nc6 3. g3 g6 4. Bg2 Bg7 5. a3 e6 6. b4 d6 7. Rb1 Nge7 8. Nf3 O-O 9. O-O Rb8 10. e3 e5 11. d3 f5 12. Qc2 Qd7 13. Nd5 h6 14. Nh4 g5 15. b5 gxh4 16. bxc6 Nxc6 17. gxh4 Qd8 18. h5 f4 19. exf4 Nd4 20. Qd1 Qh4 21. Be3 exf4 22. Bxd4 Bxd4 23. Qf3 Bg4 24. Ne7+ Kg7 25. Qe4 Qxh5 26. h3 Bxh3 27. Rxb7 Rxb7 28. Qxb7 Rf7 0-1

[Event "2017 South African Open Ch"]
[Site "Durban"]
[Date "2017.07.21"]
[Round "10"]
[White "De Abreu, Roberto N"]
[Black "Gluckman, Paul"]
[Result "1-0"]
[ECO "A16"]
[WhiteElo "2145"]
[BlackElo "1981"]
[Annotator "NA"]
[PlyCount "85"]
[EventDate "2017.??.??"]
[EventCountry "RSA"]
[SourceTitle "playchess.com"]
[Source "ChessBase"]
[SourceQuality "1"]
[TimeControl "5400+30"]

1. c4 Nf6 2. Nc3 g6 3. e4 e5 4. g3 Bg7 5. Bg2 O-O 6. Nge2 c5 7. d3 d6 8. Bg5 h6 9. Bxf6 Bxf6 10. h4 Nc6 11. Qd2 Bg7 12. h5 g5 13. Nd5 f5 14. exf5 Bxf5 15. Ne3 Bh7 16. g4 Qf6 17. Ng3 Nb4 18. Be4 Nxd3+ 19. Qxd3 Qxf2+ 20. Kd1 Bxe4 21. Nxe4 Qxb2 22. Rb1 Qxa2 23. Nf5 Rf7 24. Rf1 Rd8 25. Rf2 Qa4+ 26. Rc2 b5 27. Rxb5 Qa1+ 28. Rc1 Qa2 29. Qc2 Qa6 30. Ke1 d5 31. Rd1 Bf8 32. Nxc5 Qc6 33. Ne4 d4 34. Qd3 a6 35. Rxe5 Qc7 36. Re6 Qa5+ 37. Ke2 Qa2+ 38. Rd2 Qa1 39. Rg6+ Kh8 40. Nf6 Rxf6 41. Rxf6 Re8+ 42. Kf2 Qh1 43. Rxf8+ 1-0

[Event "2017 South African Open Ch"]
[Site "Durban"]
[Date "2017.07.21"]
[Round "10"]
[White "Skosana, Stephen K"]
[Black "Botao Milton"]
[Result "1/2-1/2"]
[ECO "A05"]
[WhiteElo "2027"]
[BlackElo "1963"]
[Annotator "NA RC"]
[PlyCount "133"]
[EventDate "2017.??.??"]
[EventCountry "RSA"]
[SourceTitle "playchess.com"]
[Source "ChessBase"]
[SourceQuality "1"]
[TimeControl "5400+30"]

1. Nf3 Nf6 2. b3 d5 3. Bb2 Bg4 4. e3 Nbd7 5. Be2 e6 6. O-O Bd6 7. d3 O-O 8. Nbd2 e5 9. c4 {[%emt 0:06:49] A06: Réti Opening:1 Nf3 d5} c6 10. h3 Bh5 11. g4 $146 ({Predecessor:} 11. cxd5 cxd5 12. e4 Re8 13. Re1 Bg6 14. Nh4 Nc5 15. Nxg6 hxg6 16. exd5 Nxd5 {0-1 (70) Golod,V (2561)-Sasikiran,K (2703) New Delhi 2012}) 11... Bg6 12. Nh4 Qe7 13. Nxg6 fxg6 14. cxd5 cxd5 15. Bf3 g5 16. Rc1 Kh8 17. Bg2 Rad8 18. Qe2 e4 19. dxe4 dxe4 20. Bd4 Bb8 21. Rfd1 b6 22. Qb5 h6 23. Qf5 Rde8 24. Rc4 Ne5 25. Bxe5 Qxe5 26. Qxe5 Rxe5 27. Bxe4 Rd8 28. Bf3 Ree8 29. Nb1 Rxd1+ 30. Bxd1 Bd6 31. Bc2 Kg8 32. Nd2 Kf8 33. Nf3 Nd7 34. Nd4 Ne5 35. Rc3 Bc5 36. Kg2 Kf7 37. Be4 Rd8 38. Nc2 a5 39. a3 Rd2 40. Kf1 Rd1+ 41. Ke2 Rb1 42. f4 gxf4 43. exf4 Nd7 44. Kd3 Rf1 45. Bc6 Ke7 (45... Nf6 $14) 46. Bxd7 (46. Ne3 $16 Bxe3 47. Kxe3) 46... Kxd7 47. Ke4 Bd6 48. f5 (48. Rf3 $1 $14 Rc1 49. Kd3) 48... Rf2 (48... h5 $5) 49. a4 Re2+ ({Better is} 49... h5 $1 $14) 50. Kd3 Rg2 51. Ke4 Re2+ 52. Ne3 Bc5 53. Kf3 Rh2 54. Kg3 Bd6+ 55. Kh4 Be7+ 56. Kg3 Bd6+ 57. Kf3 Rxh3+ 58. Ke4 Bc5 59. Rd3+ Kc6 60. Nc4 Rxd3 61. Ne5+ Kd6 62. Nxd3 $11 Bg1 63. Nf4 Ke7 64. Nd5+ Kd6 65. Nf4 Ke7 66. Nh5 Kf7 67. Nf4 1/2-1/2

[Event "2017 South African Open Ch"]
[Site "Durban"]
[Date "2017.07.21"]
[Round "10"]
[White "Du Plessis, Heinco"]
[Black "Naidu, Sayen"]
[Result "0-1"]
[ECO "B23"]
[WhiteElo "2003"]
[BlackElo "1865"]
[Annotator "NA RC"]
[PlyCount "88"]
[EventDate "2017.??.??"]
[EventCountry "RSA"]
[SourceTitle "playchess.com"]
[Source "ChessBase"]
[SourceQuality "1"]
[TimeControl "5400+30"]

1. e4 c5 2. Nc3 d6 3. d4 cxd4 {[%emt 0:00:21] B23: Closed Sicilian: Lines without g3} 4. Qxd4 Nc6 5. Bb5 Bd7 6. Bxc6 bxc6 (6... Bxc6 7. Nge2 Nf6 8. Bg5 e6 9. O-O-O Be7 10. Qd3 Qa5 11. Bd2 {½-½ (30) Zvjaginsev,V (2661)-Wang,H (2690) China 2017}) 7. Nf3 e5 8. Qd3 h6 9. O-O Nf6 10. b3 Be6 $146 ({Predecessor:} 10... Be7 11. a4 O-O 12. Ba3 Bg4 13. Nd2 d5 14. Bxe7 Qxe7 15. exd5 cxd5 16. Nxd5 Nxd5 17. Qxd5 {½-½ (68) Milliet,S (2387)-Sudakova,I (2356) Warsaw 2013}) 11. Rd1 Qc7 12. Bb2 Be7 13. Na4 O-O 14. c4 Nd7 15. Ba3 c5 16. Nc3 Nb6 17. Nd2 a5 18. Nf1 a4 19. Ne3 axb3 20. axb3 Ra6 21. Bb2 Rxa1 22. Rxa1 Qb7 23. Nb5 Nc8 24. g3 Bg5 25. Nf5 Rd8 26. h4 Bxf5 27. exf5 Bf6 28. Qe2 Qd7 29. Qh5 d5 30. Rd1 (30. Qg4 $15) 30... d4 31. Ba3 Qc6 32. f3 (32. Qe2 $17 {keeps fighting.}) 32... Ne7 ({Black should try} 32... Nd6 $19 33. Nxd6 Qxd6) 33. Kf2 $2 (33. Qg4 $17 {keeps fighting.}) 33... e4 $19 34. Qg4 e3+ 35. Ke2 Qc8 36. Qh3 Nxf5 37. Rd3 g6 38. h5 gxh5 39. g4 Ng7 40. Qg2 h4 41. Qh2 Ne6 42. Rd1 Bg5 43. Qe5 Nf4+ 44. Ke1 h3 0-1

[Event "2017 South African Open Ch"]
[Site "Durban"]
[Date "2017.07.21"]
[Round "10"]
[White "Salimu, Reuben"]
[Black "Wilken, Justin Barend"]
[Result "1/2-1/2"]
[ECO "B40"]
[WhiteElo "1968"]
[BlackElo "1920"]
[Annotator "NA"]
[PlyCount "89"]
[EventDate "2017.??.??"]
[EventCountry "RSA"]
[SourceTitle "playchess.com"]
[Source "ChessBase"]
[SourceQuality "1"]
[TimeControl "5400+30"]

1. e4 c5 2. Nf3 e6 3. d4 cxd4 4. Nxd4 Nf6 5. Bd3 Nc6 6. Nxc6 bxc6 7. O-O d5 8. e5 Nd7 9. Bf4 Qb6 10. Qe2 Nc5 11. Bc1 Nxd3 12. cxd3 Ba6 13. Nc3 Qd4 14. Rd1 Be7 15. Kh1 O-O 16. Qe3 Qxe3 17. Bxe3 f6 18. exf6 Bxf6 19. d4 e5 20. dxe5 Bxe5 21. Bc5 Rf4 22. Rac1 Rc4 23. Re1 Bf4 24. Be3 Rf8 25. Bxf4 Rfxf4 26. b3 Rb4 27. Re7 Rxf2 28. Rxa7 Rf1+ 29. Rxf1 Bxf1 30. Kg1 Rf4 31. Rd7 d4 32. Ne4 Bd3 33. Nf2 Bb1 34. g3 Rf5 35. Rxd4 Bxa2 36. b4 Rb5 37. Nd3 Rd5 38. Rxd5 Bxd5 39. Kf2 Kf7 40. Ke3 Ke7 41. Kd4 Kd6 42. Ne5 Bg2 43. Nc4+ Kc7 44. Kc5 Kd7 45. Kd4 1/2-1/2

[Event "2017 South African Open Ch"]
[Site "Durban"]
[Date "2017.07.21"]
[Round "10"]
[White "Mpya, Tshediso M"]
[Black "Oberholzer, Francois"]
[Result "1-0"]
[ECO "A45"]
[WhiteElo "1897"]
[BlackElo "2046"]
[Annotator "NA"]
[PlyCount "107"]
[EventDate "2017.??.??"]
[EventCountry "RSA"]
[SourceTitle "playchess.com"]
[Source "ChessBase"]
[SourceQuality "1"]
[TimeControl "5400+30"]

1. d4 Nf6 2. Bf4 c5 3. e3 e6 4. Nf3 d5 5. Nc3 a6 6. a3 cxd4 7. exd4 Bd6 8. Bxd6 Qxd6 9. Bd3 O-O 10. O-O Nc6 11. Re1 Bd7 12. Qd2 Rac8 13. Re3 Ng4 14. Re2 Nxd4 15. Bxh7+ Kxh7 16. Qxd4 Nh6 17. Ne4 Qe7 18. Neg5+ Kg8 19. Qxd5 exd5 20. Rxe7 Bg4 21. Nd4 Nf5 22. Nxf5 Bxf5 23. c3 f6 24. Nf3 Rf7 25. Rae1 Be4 26. Rxf7 Kxf7 27. Nd4 a5 28. f3 Bg6 29. Re6 Bd3 30. Rd6 Ke7 31. Rxd5 b6 32. Nf5+ Bxf5 33. Rxf5 Rd8 34. Rb5 Rd6 35. Kf2 Kd7 36. Ke2 Kc6 37. Rh5 Re6+ 38. Kd2 Rd6+ 39. Kc2 Re6 40. g3 Re2+ 41. Kb3 a4+ 42. Ka2 Rg2 43. Rh7 Kc5 44. Rxg7 Rxh2 45. Rg6 Rg2 46. g4 f5 47. Rg5 Kc4 48. Rxf5 Kd3 49. g5 Kc2 50. f4 Kc1 51. Rb5 Rg4 52. Rb4 Rg2 53. Rxb6 Rf2 54. Rb4 1-0

[Event "2017 South African Open Ch"]
[Site "Durban"]
[Date "2017.07.21"]
[Round "10"]
[White "Mazibuko, Khanya"]
[Black "Bhawoodien, Shabir Hussain"]
[Result "1/2-1/2"]
[ECO "C89"]
[WhiteElo "1808"]
[BlackElo "2066"]
[Annotator "NA"]
[PlyCount "91"]
[EventDate "2017.??.??"]
[EventCountry "RSA"]
[SourceTitle "playchess.com"]
[Source "ChessBase"]
[SourceQuality "1"]
[TimeControl "5400+30"]

1. e4 e5 2. Nf3 Nc6 3. Bb5 a6 4. Ba4 Nf6 5. O-O Be7 6. Re1 b5 7. Bb3 O-O 8. c3 d5 9. exd5 Nxd5 10. Nxe5 Nxe5 11. Rxe5 c6 12. d4 Bd6 13. Re1 Qh4 14. g3 Qh3 15. Qe2 Bg4 16. Qf1 Qh5 17. Be3 f5 18. f4 Kh8 19. Nd2 Nxe3 20. Rxe3 g5 21. a4 gxf4 22. gxf4 Qh6 23. Re6 Qxf4 24. Qxf4 Bxf4 25. Nf1 Rg8 26. Kf2 Rgb8 27. a5 b4 28. c4 Rd8 29. d5 cxd5 30. cxd5 Bd6 31. Ne3 Bc5 32. Kg3 Bd6+ 33. Kh4 Bxh2 34. Rh1 Bc7 35. Nxg4 fxg4 36. Kxg4 Rg8+ 37. Kf5 Raf8+ 38. Rf6 Rxf6+ 39. Kxf6 Rg3 40. Bc2 Rf3+ 41. Bf5 Kg8 42. Ke6 Re3+ 43. Kd7 Bxa5 44. Bxh7+ Kg7 45. Bf5 b3 46. Rh3 1/2-1/2

[Event "2017 South African Open Ch"]
[Site "Durban"]
[Date "2017.07.21"]
[Round "10"]
[White "Rooplal, Desmond"]
[Black "Zwakala, Ntando"]
[Result "0-1"]
[ECO "B42"]
[WhiteElo "1686"]
[BlackElo "2020"]
[Annotator "NA"]
[PlyCount "68"]
[EventDate "2017.??.??"]
[EventCountry "RSA"]
[SourceTitle "playchess.com"]
[Source "ChessBase"]
[SourceQuality "1"]
[TimeControl "5400+30"]

1. e4 c5 2. Nf3 e6 3. d4 cxd4 4. Nxd4 a6 5. Bd3 Nf6 6. c4 Qc7 7. O-O Be7 8. Nc3 O-O 9. Bd2 b6 10. Rc1 Bb7 11. Qe2 d6 12. b3 Nbd7 13. Rfe1 Rac8 14. Bb1 Rfe8 15. Nf3 Ne5 16. Nxe5 dxe5 17. Rcd1 Red8 18. Bc1 Bb4 19. Rxd8+ Rxd8 20. Bb2 Bc5 21. Kf1 Bd4 22. Rc1 g6 23. Qc2 Ng4 24. Nd1 Nxh2+ 25. Ke2 Ng4 26. f3 Nf6 27. Nf2 Nh5 28. Nd3 Qe7 29. Nxe5 Bxb2 30. Qxb2 Qg5 31. Ng4 f5 32. Ne3 fxe4 33. Ng4 exf3+ 34. gxf3 Bxf3+ 0-1